TOP OF THE 1ST |
Miami Beach Marlins batting - Pitching for Americus Braves : LHP Bahrom Mohammad
|
Pitching: LHP Bahrom Mohammad
|
|
Batting: RHB Hikaru Nakata
|
0-0: Ball 1-0: Ball 2-0: SOLO HOME RUN (Line Drive, 7LD, EV 96.2 MPH), Distance : 366 ft
|
Batting: RHB Melvin Nava
|
0-0: Ball 1-0: Ball 2-0: Fly out, F8 (Flyball, 78S, EV 85.6 MPH)
|
Batting: RHB Scott Talbot
|
0-0: Called Strike 0-1: Ball 1-1: Ground out 6-3 (Groundball, 6, EV 88.8 MPH)
|
Batting: RHB Orlando Melendres
|
0-0: Called Strike 0-1: Ground out 2-3 (Groundball, 15S, EV 66.2 MPH)
|
Top of the 1st over - 1 run, 1 hit, 0 errors, 0 left on base; Miami Beach 1 - Americus 0 |
BOTTOM OF THE 1ST |
Americus Braves batting - Pitching for Miami Beach Marlins : RHP Elvis Calderon
|
Pitching: RHP Elvis Calderon
|
|
Batting: RHB Danny Dimas
|
0-0: Ball 1-0: Called Strike 1-1: Ground out 5-3 (Groundball, 56S, EV 83.8 MPH)
|
Batting: RHB Paul Holland
|
0-0: Ground out 5-3 (Groundball, 56D, EV 90.0 MPH)
|
Batting: RHB Carlos Livas
|
0-0: Called Strike 0-1: Called Strike 0-2: Strikes out looking
|
Bottom of the 1st over - 0 runs, 0 hits, 0 errors, 0 left on base; Miami Beach 1 - Americus 0 |
TOP OF THE 2ND |
Miami Beach Marlins batting - Pitching for Americus Braves : LHP Bahrom Mohammad
|
Batting: RHB Troy Bush
|
0-0: Called Strike 0-1: Ball 1-1: SOLO HOME RUN (Flyball, 7D, EV 102.5 MPH), Distance : 377 ft
|
Batting: RHB Kazumi Inouye
|
0-0: Ball 1-0: Ball 2-0: Ball 3-0: Base on Balls
|
Batting: RHB Jim Smallwood
|
0-0: Ball 1-0: Called Strike 1-1: Ball 2-1: Called Strike 2-2: Strikes out swinging
|
Batting: RHB Xin Zhang
|
0-0: Foul Ball, location: 2F 0-1: Ball 1-1: SINGLE (Groundball, 23, EV 71.2 MPH) (infield hit) Kazumi Inouye to second
|
Batting: LHB Henry Huezo
|
0-0: Ball 1-0: Called Strike 1-1: Ball 2-1: Called Strike 2-2: Ball 3-2: Strikes out swinging
|
Batting: RHB Hikaru Nakata
|
0-0: Ball 1-0: Foul Ball, location: 2F 1-1: Foul Ball, location: 2F 1-2: Fly out, F8 (Line Drive, 89M, EV 94.4 MPH)
|
Top of the 2nd over - 1 run, 2 hits, 0 errors, 2 left on base; Miami Beach 2 - Americus 0 |
BOTTOM OF THE 2ND |
Americus Braves batting - Pitching for Miami Beach Marlins : RHP Elvis Calderon
|
Batting: RHB Yutaka Yamane
|
0-0: Ball 1-0: Ground out 5-3 (Groundball, 56, EV 81.2 MPH)
|
Batting: RHB Ricardo Joya
|
0-0: Swinging Strike 0-1: Called Strike 0-2: Foul Ball, location: 2F 0-2: Ball 1-2: Strikes out swinging
|
Batting: RHB Wilson Salgado
|
0-0: Foul Ball, location: 2F 0-1: Called Strike 0-2: Strikes out looking
|
Bottom of the 2nd over - 0 runs, 0 hits, 0 errors, 0 left on base; Miami Beach 2 - Americus 0 |
TOP OF THE 3RD |
Miami Beach Marlins batting - Pitching for Americus Braves : LHP Bahrom Mohammad
|
Batting: RHB Melvin Nava
|
0-0: Ball 1-0: Fly out, F8 (Flyball, 8LM, EV 81.2 MPH)
|
Batting: RHB Scott Talbot
|
0-0: Ball 1-0: Ball 2-0: Fly out, F8 (Flyball, 8RD, EV 85.0 MPH)
|
Batting: RHB Orlando Melendres
|
0-0: Ball 1-0: Foul Ball, location: 2F 1-1: SINGLE (Groundball, 6MD, EV 94.4 MPH)
|
Batting: RHB Troy Bush
|
0-0: Foul Ball, location: 2F 0-1: Swinging Strike 0-2: Strikes out swinging
|
Top of the 3rd over - 0 runs, 1 hit, 0 errors, 1 left on base; Miami Beach 2 - Americus 0 |
BOTTOM OF THE 3RD |
Americus Braves batting - Pitching for Miami Beach Marlins : RHP Elvis Calderon
|
Batting: RHB Alex Guerra
|
0-0: Ball 1-0: Ball 2-0: Called Strike 2-1: Ball 3-1: Foul Ball, location: 2F 3-2: Fly out, F7 (Flyball, 7, EV 72.5 MPH)
|
Batting: RHB Bart Stevensdick
|
0-0: Called Strike 0-1: Swinging Strike 0-2: Ball 1-2: Foul Ball, location: 2F 1-2: SINGLE (Groundball, 6MD, EV 95.6 MPH)
|
Batting: RHB Aaron Sartini
|
0-0: Ball 1-0: Swinging Strike 1-1: Foul Ball, location: 2F 1-2: Grounds into double play, 4-6-3 (Groundball, 4M, EV 89.4 MPH)
|
Bottom of the 3rd over - 0 runs, 1 hit, 0 errors, 0 left on base; Miami Beach 2 - Americus 0 |
TOP OF THE 4TH |
Miami Beach Marlins batting - Pitching for Americus Braves : LHP Bahrom Mohammad
|
Batting: RHB Kazumi Inouye
|
0-0: Ground out 6-3 (Groundball, 6, EV 101.9 MPH)
|
Batting: RHB Jim Smallwood
|
0-0: Ball 1-0: SINGLE (Groundball, 6M, EV 104.4 MPH) (infield hit)
|
Batting: RHB Xin Zhang
|
0-0: Ball 1-0: Foul Ball, location: 2F 1-1: Swinging Strike 1-2: Ball 2-2: Ball 3-2: Strikes out swinging
|
Batting: LHB Henry Huezo
|
0-0: Ball Jim Smallwood is caught stealing 2nd base 2-6
|
Top of the 4th over - 0 runs, 1 hit, 0 errors, 0 left on base; Miami Beach 2 - Americus 0 |
BOTTOM OF THE 4TH |
Americus Braves batting - Pitching for Miami Beach Marlins : RHP Elvis Calderon
|
Batting: RHB Danny Dimas
|
0-0: Called Strike 0-1: Foul Ball, location: 2F 0-2: Ball 1-2: Ground out 4-3 (Groundball, 4, EV 87.5 MPH)
|
Batting: RHB Paul Holland
|
0-0: Ball 1-0: Foul Ball, location: 2F 1-1: Ball 2-1: Ground out 6-3 (Groundball, 6, EV 77.5 MPH)
|
Batting: RHB Carlos Livas
|
0-0: Ball 1-0: Ground out 5-3 (Groundball, 5L, EV 83.1 MPH)
|
Bottom of the 4th over - 0 runs, 0 hits, 0 errors, 0 left on base; Miami Beach 2 - Americus 0 |
TOP OF THE 5TH |
Miami Beach Marlins batting - Pitching for Americus Braves : LHP Bahrom Mohammad
|
Batting: LHB Henry Huezo
|
0-0: Called Strike 0-1: Foul Ball, location: 2F 0-2: Strikes out swinging
|
Batting: RHB Hikaru Nakata
|
0-0: SINGLE (Groundball, 5S, EV 65.0 MPH) (infield hit)
|
Batting: RHB Melvin Nava
|
0-0: Ball 1-0: Called Strike 1-1: Called Strike 1-2: Ball 2-2: Foul Ball, location: 2F 2-2: Ball 3-2: Base on Balls Hikaru Nakata to second
|
Batting: RHB Scott Talbot
|
0-0: Ball 1-0: Swinging Strike 1-1: Swinging Strike 1-2: Strikes out looking
|
Batting: RHB Orlando Melendres
|
0-0: Ball 1-0: Foul Ball, location: 2F 1-1: Swinging Strike 1-2: Strikes out looking
|
Top of the 5th over - 0 runs, 1 hit, 0 errors, 2 left on base; Miami Beach 2 - Americus 0 |
BOTTOM OF THE 5TH |
Americus Braves batting - Pitching for Miami Beach Marlins : RHP Elvis Calderon
|
Batting: RHB Yutaka Yamane
|
0-0: Foul Ball, location: 2F 0-1: Ball 1-1: Called Strike 1-2: Fly out, F8 (Line Drive, 89M, EV 87.5 MPH)
|
Batting: RHB Ricardo Joya
|
0-0: Called Strike 0-1: Foul Ball, location: 2F 0-2: Fly out, F2 (Popup, 3SF, EV 81.2 MPH)
|
Batting: RHB Wilson Salgado
|
0-0: Ball 1-0: Called Strike 1-1: Ball 2-1: Ball 3-1: Foul Ball, location: 2F 3-2: Base on Balls
|
Batting: RHB Alex Guerra
|
0-0: DOUBLE (Line Drive, 9LM, EV 106.2 MPH) Wilson Salgado to third Runner from 3rd tries for Home, SAFE, throw by RF to home
|
Batting: RHB Bart Stevensdick
|
0-0: Ball 1-0: Ball 2-0: Ball 3-0: Called Strike 3-1: Called Strike 3-2: Strikes out looking
|
Bottom of the 5th over - 1 run, 1 hit, 0 errors, 1 left on base; Miami Beach 2 - Americus 1 |
TOP OF THE 6TH |
Miami Beach Marlins batting - Pitching for Americus Braves : LHP Bahrom Mohammad
|
Batting: RHB Troy Bush
|
0-0: Ball 1-0: Ball 2-0: Ball 3-0: Base on Balls
|
Batting: RHB Kazumi Inouye
|
0-0: Fly out, F7 (Flyball, 7, EV 84.4 MPH)
|
Batting: RHB Jim Smallwood
|
0-0: Ball 1-0: Ball 2-0: Ball 3-0: Called Strike 3-1: Base on Balls Troy Bush to second
|
Batting: RHB Xin Zhang
|
0-0: Fly out, F4 (Popup, 34S, EV 78.1 MPH)
|
Batting: LHB Henry Huezo
|
0-0: Called Strike 0-1: Foul Ball, location: 2F 0-2: Foul Ball, location: 2F 0-2: Ball 1-2: Ground out 4-3 (Groundball, 4, EV 95.0 MPH)
|
Top of the 6th over - 0 runs, 0 hits, 0 errors, 2 left on base; Miami Beach 2 - Americus 1 |
BOTTOM OF THE 6TH |
Americus Braves batting - Pitching for Miami Beach Marlins : RHP Elvis Calderon
|
Batting: RHB Aaron Sartini
|
0-0: Called Strike 0-1: Swinging Strike 0-2: Strikes out swinging
|
Batting: RHB Danny Dimas
|
0-0: SINGLE (Flyball, 34D, EV 87.5 MPH)
|
Batting: RHB Paul Holland
|
0-0: Ball 1-0: Ball 2-0: Ball 3-0: Base on Balls Danny Dimas to second
|
Batting: RHB Carlos Livas
|
0-0: Ball 1-0: Ball 2-0: Called Strike 2-1: Fly out, F9 (Line Drive, 89D, EV 96.9 MPH)
|
Batting: RHB Yutaka Yamane
|
0-0: Called Strike 0-1: Ball 1-1: SINGLE (Groundball, 23, EV 67.5 MPH) (infield hit) Danny Dimas to third Paul Holland to second
|
Batting: RHB Ricardo Joya
|
0-0: Ball 1-0: Called Strike 1-1: SINGLE (Groundball, 6MD, EV 99.4 MPH) Danny Dimas scores Paul Holland to third Yutaka Yamane to second Runner from 3rd tries for Home, SAFE, throw by CF to home
|
Batting: RHB Wilson Salgado
|
0-0: Fly out, F6 (Popup, 4S, EV 73.1 MPH)
|
Bottom of the 6th over - 2 runs, 3 hits, 0 errors, 2 left on base; Miami Beach 2 - Americus 3 |
TOP OF THE 7TH |
Miami Beach Marlins batting - Pitching for Americus Braves : LHP Bahrom Mohammad
|
Batting: RHB Hikaru Nakata
|
0-0: Ball 1-0: Swinging Strike 1-1: Called Strike 1-2: Ball 2-2: SINGLE (Groundball, 34D, EV 105.6 MPH)
|
Batting: RHB Melvin Nava
|
0-0: Bunt missed! 0-1: Ball 1-1: Bunt missed! 1-2: Strikes out swinging
|
Batting: RHB Scott Talbot
|
0-0: Called Strike 0-1: Foul Ball, location: 2F 0-2: Ball 1-2: Strikes out looking
|
Batting: RHB Orlando Melendres
|
0-0: Fielders Choice at 2nd, 6-4 (Groundball, 6, EV 88.1 MPH)
|
Top of the 7th over - 0 runs, 1 hit, 0 errors, 1 left on base; Miami Beach 2 - Americus 3 |
BOTTOM OF THE 7TH |
Americus Braves batting - Pitching for Miami Beach Marlins : RHP Elvis Calderon
|
Batting: RHB Alex Guerra
|
0-0: Ground out 4-3 (Groundball, 4, EV 81.9 MPH)
|
Batting: RHB Bart Stevensdick
|
0-0: Foul Ball, location: 2F 0-1: Swinging Strike 0-2: Foul Ball, location: 2F 0-2: Ball 1-2: Ball 2-2: Ball 3-2: Base on Balls
|
Batting: RHB Aaron Sartini
|
0-0: Ball 1-0: Called Strike 1-1: Ball 2-1: Foul Ball, location: 2F 2-2: Ball 3-2: Foul Ball, location: 2F 3-2: SINGLE (Line Drive, 89M, EV 96.9 MPH) Bart Stevensdick to second
|
Batting: RHB Danny Dimas
|
0-0: SINGLE (Flyball, 3D, EV 91.9 MPH) Bart Stevensdick to third Aaron Sartini to second
|
Batting: RHB Paul Holland
|
0-0: Ball 1-0: Foul Ball, location: 2F 1-1: Foul Ball, location: 2F 1-2: Foul Ball, location: 2F 1-2: Foul Ball, location: 2F 1-2: Ball 2-2: SINGLE (Line Drive, 4M, EV 99.4 MPH) Bart Stevensdick scores Aaron Sartini to third Danny Dimas to second Runner from 3rd tries for Home, SAFE, throw by CF to home
|
Pitching: RHP Josue Rubio
|
|
Batting: RHB Carlos Livas
|
0-0: Called Strike 0-1: Swinging Strike 0-2: Strikes out swinging
|
Batting: RHB Yutaka Yamane
|
0-0: Ball 1-0: Ball 2-0: Called Strike 2-1: Ball 3-1: Swinging Strike 3-2: Base on Balls Danny Dimas to third Paul Holland to second
|
Batting: RHB Ricardo Joya
|
0-0: Foul Ball, location: 2F 0-1: Ball 1-1: Ball 2-1: GRAND SLAM HOME RUN (Line Drive, 7D, EV 105.0 MPH), Distance : 392 ft
|
Pinch Hitting: RHB Juan Barela
|
0-0: Swinging Strike 0-1: Ball 1-1: Swinging Strike 1-2: Ball 2-2: Foul Ball, location: 2F 2-2: Foul Ball, location: 2F 2-2: Strikes out swinging
|
Bottom of the 7th over - 6 runs, 4 hits, 0 errors, 0 left on base; Miami Beach 2 - Americus 9 |
TOP OF THE 8TH |
Miami Beach Marlins batting - Pitching for Americus Braves : LHP Bahrom Mohammad
|
Pitching: LHP Sam Brown
|
|
Now at 2B: Juan Barela
|
|
Now at SS: Bart Stevensdick
|
|
Pinch Hitting: RHB Aaron Mamer
|
0-0: Foul Ball, location: 2F 0-1: Swinging Strike 0-2: DOUBLE (Line Drive, 78M, EV 111.2 MPH)
|
Batting: RHB Kazumi Inouye
|
0-0: Ball 1-0: Swinging Strike 1-1: Swinging Strike 1-2: Strikes out swinging
|
Batting: RHB Jim Smallwood
|
0-0: Ball Wild Pitch! Aaron Mamer to third 1-0: Ball 2-0: Fly out, F8 (Flyball, 78D, EV 87.5 MPH) Runner from 3rd tags up, SCORES, throw by CF
|
Batting: RHB Xin Zhang
|
0-0: Called Strike 0-1: Ball 1-1: Called Strike 1-2: Ball 2-2: Foul Ball, location: 2F 2-2: Ground out 6-3 (Groundball, 6, EV 97.5 MPH)
|
Top of the 8th over - 1 run, 1 hit, 0 errors, 0 left on base; Miami Beach 3 - Americus 9 |
BOTTOM OF THE 8TH |
Americus Braves batting - Pitching for Miami Beach Marlins : RHP Josue Rubio
|
Now in RF: Cody Leonard
|
|
Batting: RHB Alex Guerra
|
0-0: Ground out 5-3 (Groundball, 5, EV 104.4 MPH)
|
Pinch Hitting: RHB James Anderson
|
0-0: Foul Ball, location: 2F 0-1: SINGLE (Groundball, 56, EV 110.0 MPH) (infield hit)
|
Batting: RHB Roberto Rios
|
0-0: 2-RUN HOME RUN (Line Drive, 9LD, EV 91.9 MPH), Distance : 355 ft
|
Batting: RHB Danny Dimas
|
0-0: Called Strike 0-1: Foul Ball, location: 2F 0-2: Fly out, F9 (Flyball, 9S, EV 91.2 MPH)
|
Batting: RHB Paul Holland
|
0-0: Swinging Strike 0-1: Foul Ball, location: 2F 0-2: Ball 1-2: Ball 2-2: Ball 3-2: SINGLE (Line Drive, 4D, EV 101.2 MPH)
|
Batting: RHB Carlos Livas
|
0-0: Called Strike 0-1: Ball 1-1: Ball 2-1: Called Strike 2-2: DOUBLE (Line Drive, 7LS, EV 90.0 MPH) Paul Holland to third Runner from 3rd tries for Home, SAFE, throw by LF to trailing runner, SAFE at third!
|
Pitching: RHP Carlos Guerrero
|
|
Batting: RHB Yutaka Yamane
|
0-0: Ball 1-0: Ball 2-0: Ball 3-0: Called Strike 3-1: Fly out, F8 (Line Drive, 8RM, EV 96.9 MPH)
|
Bottom of the 8th over - 3 runs, 4 hits, 0 errors, 1 left on base; Miami Beach 3 - Americus 12 |
TOP OF THE 9TH |
Miami Beach Marlins batting - Pitching for Americus Braves : LHP Sam Brown
|
Now at SS: Ivan Castillo
|
|
Pinch Hitting: RHB Mario Cota
|
0-0: Called Strike 0-1: Foul Ball, location: 2F 0-2: Ground out 5-3 (Groundball, 56, EV 104.4 MPH)
|
Batting: RHB Hikaru Nakata
|
0-0: Ball 1-0: Fly out, F8 (Flyball, 8LD, EV 97.5 MPH)
|
Batting: RHB Melvin Nava
|
0-0: Foul Ball, location: 2F 0-1: Ball 1-1: Ball 2-1: SOLO HOME RUN (Flyball, 7D, EV 97.5 MPH), Distance : 387 ft
|
Batting: SHB Emmet Brickowski
|
0-0: Ball 1-0: Fly out, F7 (Flyball, 7, EV 85.0 MPH)
|
Top of the 9th over - 1 run, 1 hit, 0 errors, 0 left on base; Miami Beach 4 - Americus 12 |
|